 Dungeon Crawl Stone Soup version 0.31-a0-222-gefeffbb62a (webtiles) character file.

Game seed: 8981754334436156633

256 qw the Shooter (level 6, 0/37 HPs)
             Began as a Gargoyle Hexslinger on July 4, 2023.
             Slain by a kobold
             ... wielding a +0 short sword
              (1 damage)
             ... on level 4 of the Dungeon.
             The game lasted 00:01:22 (2445 turns).

qw the Shooter (Gargoyle Hexslinger)                Turns: 2445, Time: 00:01:23

Health: 0/37       AC:  9    Str: 10 (11) XL:     6   Next: 15%
Magic:  7/7        EV: 10    Int: 13 (14) God:
Gold:   183        SH:  0    Dex: 13 (14) Spells: 6/7 levels left

rFire   . . .        Y - +1 sling (flame)
rCold   . . .        (no shield)
rNeg    + . .        d - +0 ring mail
rPois   inf          (no helmet)
rElec   +            (no cloak)
rCorr   .            (no gloves)
SInv    .            (no boots)
Will    +....        (no amulet)
Stlth   +            (no ring)
HPRegen 0.26/turn    (no ring)
MPRegen 0.10/turn

%: no passive effects
@: no status effects
A: sickness immunity, AC +4, negative energy resistance 1, electricity
resistance, torment resistance 1, petrification resistance, deterioration 1,
strong-willed 1
a: no special abilities


You were on level 4 of the Dungeon.
You visited 1 branch of the dungeon, and saw 4 of its levels.

You collected 183 gold pieces.


Innate Abilities, Weirdness & Mutations

You are immune to sickness and miasma.
Your stone body is resilient. (AC +4)
You are immune to poison.
You resist negative energy. (rN+)
You are resistant to electric shocks. (rElec)
You are resistant to unholy torment.
You are immune to petrification.
Your body sometimes deteriorates upon taking damage.
You are strong-willed. (Will+)


   Skills:
 - Level 3.1 Fighting
 + Level 5.4 Ranged Weapons
 - Level 1.0 Armour
 - Level 1.5 Dodging
 - Level 1.0 Spellcasting
 - Level 2.6 Hexes


You had 6 spell levels left.
You knew the following spells:

 Your Spells              Type           Power      Damage    Failure   Level
a - Slow                  Hex            28%        N/A       24%         1

Your spell library contained the following spells:

 Spells                   Type           Power      Damage    Failure   Level
 Inner Flame              Hex/Fire       4%         N/A       77%         3
 Portal Projectile        Hex/Tloc       8%         N/A       77%         3
 Cause Fear               Hex            3%         N/A       93%         4

Inventory:

Hand Weapons
 Y - a +1 sling of flaming (weapon)
Armour
 d - a +0 ring mail (worn)
Potions
 a - 3 potions of curing
 e - a potion of resistance {unknown}
 g - a potion of might {unknown}

Dungeon Overview and Level Annotations

Branches:
Dungeon (4/15)
 Temple: D:4-7

Altars:
Trog


Message History

The worm is severely wounded.
The worm bites you.
Your body deteriorates!
You feel weakened. The scorpion stings you.
You shoot a sling bullet. The sling bullet hits the worm.
The sling bullet burns the worm.
The worm is severely wounded.
The scorpion barely misses you. The worm barely misses you.
The scorpion closely misses you.
You shoot a sling bullet. The sling bullet hits the worm!
The sling bullet burns the worm.
You kill the worm!
The scorpion misses you.
You shoot a sling bullet. The sling bullet hits the scorpion.
The sling bullet burns the scorpion.
The scorpion is moderately wounded.
The scorpion stings you but does no damage. x2
You shoot a sling bullet.
The sling bullet barely misses the scorpion.
The scorpion stings you but does no damage.
The kobold hits you with a +0 short sword.
The scorpion stings you but does no damage.
You shoot a sling bullet.
The sling bullet barely misses the scorpion.
The kobold hits you but does no damage. The scorpion stings you.
You shoot a sling bullet.
The sling bullet hits the scorpion but does no damage.
The scorpion is moderately wounded.
The kobold hits you with a +0 short sword.
The scorpion stings you. x2; The kobold hits you but does no damage.
You shoot a sling bullet. The sling bullet hits the scorpion.
The sling bullet burns the scorpion.
The scorpion is moderately wounded.
The scorpion closely misses you. The kobold completely misses you.
You shoot a sling bullet.
The sling bullet hits the scorpion but does no damage.
The scorpion is moderately wounded.
The scorpion stings you but does no damage.
The kobold hits you with a +0 short sword.
You die...

##.#.....#
#.....<###
....>####.# .###
#.# ##.## #...#
#...# #### #.Ks#
#..
#####..@#####.#
#...........#.##.#
.............))%#
#...........#.##)#
#####...#####.# ..
#...... #.. ..#
#.#.#.# #### ..
#.#...# # # ##...


You could see a scorpion and a kobold.

Vanquished Creatures
  A hound (D:4)
  Jessica (D:2)
  An orc wizard (D:4)
  A gnoll (D:1)
  7 adders
  A worm (D:4)
  4 dart slugs
  2 orcs (D:4)
  10 ball pythons
  2 endoplasms
  15 giant cockroaches
  7 goblins
  8 hobgoblins
  3 jackals (D:3)
  4 kobolds
  3 quokkas
  7 bats
  7 frilled lizards
  4 rats
88 creatures vanquished.

Notes
Turn   | Place    | Note
-------+----------+-------------------------------------------
     0 | D:1      | qw the Gargoyle Hexslinger began the quest for the Orb.
     0 | D:1      | Reached XP level 1. HP: 12/12 MP: 2/2
     0 | D:1      | 0 ||| qw: Version: 0.3-a-46-gb1f654a
     0 | D:1      | 0 ||| qw: Game counter: 921
     0 | D:1      | 0 ||| qw: Melee chars always use a shield: true
     0 | D:1      | 0 ||| qw: God list: Okawaru
     0 | D:1      | 0 ||| qw: Allow faded altars: false
     0 | D:1      | 0 ||| qw: Do Orc after clearing Dungeon:15 true
     0 | D:1      | 0 ||| qw: Do second Lair branch before Depths: true
     0 | D:1      | 0 ||| qw: Lair rune preference: random
     0 | D:1      | 0 ||| qw: Goals: Normal
     0 | D:1      | 0 ||| PLANNING D:1-11
    76 | D:1      | Reached XP level 2. HP: 16/16 MP: 3/3
   165 | D:1      | Reached skill level 3 in Ranged Weapons
   302 | D:1      | Reached XP level 3. HP: 21/21 MP: 4/4
   520 | D:1      | 520 ||| UPGRADING to +0 ring mail.
   530 | D:1      | 530 ||| DROPPING +0 robe.
   531 | D:1      | 531 ||| READING 2 scrolls labelled NOUCIA LUOCUN.
   532 | D:1      | 532 ||| READING scroll labelled OLEHIU PUAZI.
   533 | D:1      | 533 ||| READING scroll labelled VIARGH QARPHO.
   534 | D:1      | 534 ||| DROPPING scroll of fog.
   535 | D:1      | 535 ||| DROPPING scroll of poison.
   654 | D:2      | Reached XP level 4. HP: 26/26 MP: 5/5
   657 | D:2      | Noticed Jessica
   667 | D:2      | Killed Jessica
   668 | D:2      | Reached skill level 4 in Ranged Weapons
   889 | D:2      | Reached skill level 1 in Armour
  1137 | D:2      | Reached XP level 5. HP: 30/30 MP: 6/6
  1415 | D:2      | 1415 ||| READING scroll labelled QINEICK PATES.
  1416 | D:2      | 1416 ||| READING scroll labelled BOJAECH AGAIW.
  1417 | D:2      | 1417 ||| DRINKING 2 sapphire potions.
  1418 | D:2      | 1418 ||| DRINKING 2 green potions.
  1418 | D:2      | Gained mutation: You sometimes lose your temper in combat.
                  | [potion of mutation]
  1418 | D:2      | Gained mutation: You occasionally shout uncontrollably at
                  | your foes. [potion of mutation]
  1419 | D:2      | 1419 ||| DRINKING potion of mutation.
  1419 | D:2      | Lost mutation: You sometimes lose your temper in combat.
                  | [potion of mutation]
  1419 | D:2      | Lost mutation: You occasionally shout uncontrollably at
                  | your foes. [potion of mutation]
  1419 | D:2      | Gained mutation: Your body sometimes deteriorates upon
                  | taking damage. [potion of mutation]
  1419 | D:2      | Gained mutation: You are strong-willed. (Will+) [potion of
                  | mutation]
  1420 | D:2      | 1420 ||| DROPPING potion of attraction.
  1947 | D:3      | Reached skill level 5 in Ranged Weapons
  1965 | D:3      | Found a bloodstained altar of Trog.
  2298 | D:3      | 2298 ||| READING scroll labelled QYANOAPROE.
  2299 | D:3      | 2299 ||| DRINKING 4 amethyst potions.
  2393 | D:4      | Reached skill level 3 in Fighting
  2406 | D:4      | Reached XP level 6. HP: 15/37 MP: 7/7
  2409 | D:4      | HP: 9/37 [something (2)]
  2424 | D:4      | 2424 ||| FLEEEEING.
  2425 | D:4      | 2425 ||| FLEEEEING.
  2426 | D:4      | 2426 ||| FLEEEEING.
  2428 | D:4      | 2428 ||| FLEEEEING.
  2429 | D:4      | 2429 ||| FLEEEEING.
  2437 | D:4      | HP: 9/37 [scorpion (4)]
  2442 | D:4      | HP: 5/37 [scorpion (4)]
  2443 | D:4      | HP: 1/37 [scorpion (2)]
  2445 | D:4      | Slain by a kobold

Levels and vault maps discovered:
D:1:      eino_arrival_cavern_b, layout_basic
D:2:      minmay_roachtagon, layout_basic, uniq_jessica
D:3:      layout_basic, mainiacjoe_overflow_boulevard
D:4:      layout_loops_cross, nicolae_sif_muna_little_library

Skill      XL: |  1  2  3  4  5 |
---------------+----------------+-----
Ranged Weapons | 3 4 5 |  5.4
Fighting       | 2 3 |  3.1
Armour         | 1 |  1.0
Dodging        | |  1.5
Spellcasting   | |  1.0
Hexes          | |  2.6

Action                     |  1- 3 |  4- 6 || total
---------------------------+-------+-------++-------
   Fire: Sling             |    81 |   285 ||   366
    Use: Scroll            |     3 |     3 ||     6
         Potion            |       |     4 ||     4
 Armour: Robe              |     3 |       ||     3
         Ring mail         |     6 |   121 ||   127
  Dodge: Dodged            |    28 |   121 ||   149

Table legend:
 A = Non-vault XP
 B = Vault XP
 C = Vault XP percentage of total XP
 D = Non-vault monster count
 E = Vault monster count
 F = Vault count percentage of total count
                 A         B        C        D         E       F
            +---------+---------+-------+---------+---------+-------
      Total |     307 |      59 |  16.1 |      76 |      12 |  13.6
            +---------+---------+-------+---------+---------+-------
        D:1 |      43 |       0 |   0.0 |      17 |       0 |   0.0
        D:2 |      82 |      59 |  41.8 |      28 |      12 |  30.0
        D:3 |      64 |       0 |   0.0 |      23 |       0 |   0.0
        D:4 |     118 |       0 |   0.0 |       8 |       0 |   0.0
            +---------+---------+-------+---------+---------+-------
